AoeStats
← foxinthelake

Arena

509966598Analyzed
1v1 RM · 3d ago on Sep 28, 2026· 64m 39s· 2 players
Game mode
Random Map
Map size
Tiny (2 player)
Population
200
Speed
Normal
Resources
Standard
Victory
Conquest
Starting age
Dark Age
Ending age
Imperial Age
RankedLock teamsTeams togetherTeam positionsShared explorationLock speedFull tech treeHidden civsTurbo modeCheats
Victory
Defeat
🇹🇷 Byzantines · Türkiye
957
+16
🇳🇱 Portuguese · Netherlands
960
-16
Mühendis
10:22 Feudal Age
15:00 Castle Age
16:05 Horse Collar
18:19 Squires
23:25 Husbandry
27:06 Heavy Plow
26:40 Elite Skirmisher
28:45 Fervor
29:11 Thumb Ring
33:36 Imperial Age
31:22 Scale Barding Armor
31:11 Fletching
31:24 Padded Archer Armor
31:36 Forging
33:28 Wheelbarrow
33:37 Chain Barding Armor
36:29 Crop Rotation
35:50 Double-Bit Axe
36:58 Plate Barding Armor
36:50 Bow Saw
39:36 Logistica
40:10 Ballistics
40:51 Chemistry
41:45 Elite Cataphract
43:12 Hand Cart
43:34 Fortified Wall
44:13 Iron Casting
45:46 Stone Mining
46:41 Bodkin Arrow
46:51 Gold Mining
48:13 Gold Shaft Mining
50:17 Pikeman
55:24 Bracer
foxinthelake
10:52 Feudal Age
12:00 Loom
14:51 Castle Age
13:33 Double-Bit Axe
13:30 Horse Collar
14:43 Gold Mining
16:24 Fletching
17:28 Bodkin Arrow
18:27 Wheelbarrow
17:33 Crossbowman
24:02 Padded Archer Armor
27:04 Thumb Ring
28:12 Sanctity
30:46 Hand Cart
30:42 Town Watch
35:23 Imperial Age
33:57 Ballistics
33:19 Treadmill Crane
33:51 Fortified Wall
33:54 Masonry
34:32 Bow Saw
35:15 Heavy Plow
35:59 Leather Archer Armor
37:06 Chemistry
36:38 Architecture
38:23 Conscription
39:27 Onager
41:15 Bloodlines
40:27 Light Cavalry
41:54 Pikeman
43:11 Ring Archer Armor
42:52 Forging
42:43 Scale Mail Armor
44:10 Arquebus
44:19 Halberdier
45:17 Chain Mail Armor
45:38 Iron Casting
46:45 Plate Mail Armor
46:16 Bracer
47:00 Husbandry
49:02 Town Patrol
50:04 Blast Furnace
49:11 Scale Barding Armor
50:05 Murder Holes
51:13 Bombard Tower
56:03 Arbalester
57:37 Siege Engineers
Connection lost

Rejoining the realm…

Still unreachable

The connection could not be restored.

Session expired

The server has moved on; the page needs a fresh start.